 Dungeon Crawl Stone Soup version 0.26-a0-958-gf3041fb45f (webtiles) character file.

Game seed: 13877819242786217419

156 PentaManta the Slasher (level 5, 0/35 HPs)
             Began as a Halfling Monk on Nov 30, 2020.
             Slain by a centaur skeleton (3 damage)
             ... on level 4 of the Dungeon.
             The game lasted 00:06:42 (3528 turns).

PentaManta the Slasher (Halfling Monk)              Turns: 3528, Time: 00:06:42

Health: 0/35       AC: 13    Str: 13    XL:     5   Next: 65%
Magic:  5/5        EV: 12    Int:  8    God:
Gold:   207        SH:  5    Dex: 17    Spells: 4/4 levels left

rFire    . . .     SeeInvis .   k - +0 short sword (protect)
rCold    . . .     Faith    .   (shield restricted)
rNeg     . . .     Spirit   .   i - +0 scale mail
rPois    .         Reflect  +   (no helmet)
rElec    .         Harm     .   (no cloak)
rCorr    .         Rampage  .   (no gloves)
MR       .....                  (no boots)
Stlth    +.........             d - amulet of reflection
HPRegen  0.11/turn              (no ring)
MPRegen  0.09/turn              (no ring)

@: protection aura
A: small, mutation resistance 1
a: no special abilities


You were on level 4 of the Dungeon.
You visited 1 branch of the dungeon, and saw 4 of its levels.

You collected 207 gold pieces.

Inventory:

Hand Weapons
 a - a +0 falchion
 k - a +0 short sword of protection (weapon)
Missiles
 p - 16 poisoned darts (quivered)
 q - 51 sling bullets
 r - 67 stones
Armour
 b - a +0 robe
 i - a +0 scale mail (worn)
Jewellery
 d - an amulet of reflection (around neck)
 s - an uncursed ring of ice
Scrolls
 c - a scroll of teleportation
 f - 2 scrolls of remove curse
Potions
 j - 2 potions of curing
 l - a potion of cancellation
 m - a potion of lignification
 n - a potion of berserk rage {unknown}


   Skills:
 - Level 2.6 Fighting
 + Level 5.9 Long Blades
 - Level 3.2 Dodging
 - Level 2.1 Stealth


You had 4 spell levels left.
You didn't know any spells.
Your spell library contained the following spells:

 Spells                   Type           Power        Failure   Level
 Animate Skeleton         Necr           #.....       91%         1
 Apportation              Tloc           #.....       91%         1
 Corona                   Hex            #......      91%         1
 Summon Small Mammal      Summ           #...         91%         1


Dungeon Overview and Level Annotations

Branches:
Dungeon (4/15)
 Temple: D:4-7

Altars:
Elyvilon

Annotations:
D:2 exclusion: ice beast
D:3 1 runed translucent door


Innate Abilities, Weirdness & Mutations

You are small and have problems with some larger weapons.
You are somewhat resistant to further mutation.


Message History

You are too injured to fight recklessly!
You are too injured to fight recklessly!
You hit the centaur skeleton.
The centaur skeleton is moderately damaged.
The centaur skeleton barely misses you.
You hit the centaur skeleton.
The centaur skeleton is heavily damaged.
The centaur skeleton barely misses you.
The centaur skeleton hits you but does no damage.
You hit the centaur skeleton.
The centaur skeleton is severely damaged.
You block the centaur skeleton's attack.
You hit the centaur skeleton.
The centaur skeleton is almost destroyed.
The centaur skeleton hits you.
* * * LOW HITPOINT WARNING * * *
You hit the centaur skeleton.
The centaur skeleton is almost destroyed.
The centaur skeleton hits you.
You die...

##### #....## .
#.....## .#
###......###.##
...............
#....@.......
####..Z.#.###
##...# #?$.#
#...# ##..#
#..# #..#
#..########


You could see a centaur skeleton.

Vanquished Creatures
  A hound (D:4)
  Terence (D:2)
  3 adders
  An ooze (D:3)
  3 worms
  A dart slug (D:1)
  3 leopard geckos
  3 giant cockroaches
  9 goblins
  4 hobgoblins (D:1)
  2 jackals (D:1)
  7 kobolds
  2 quokkas (D:3)
  A ball python (D:2)
  8 bats
  4 frilled lizards (D:2)
  4 rats
57 creatures vanquished.

Notes
Turn   | Place    | Note
-------+----------+-------------------------------------------
     0 | D:1      | PentaManta the Halfling Monk began the quest for the Orb.
     0 | D:1      | Reached XP level 1. HP: 15/15 MP: 1/1
    38 | D:1      | Reached XP level 2. HP: 6/20 MP: 2/2
   911 | D:1      | HP: 1/20 [dart slug (2)]
   915 | D:1      | Reached skill level 4 in Long Blades
   915 | D:1      | Reached XP level 3. HP: 2/25 MP: 3/3
  1366 | D:2      | Noticed Terence
  1384 | D:2      | Killed Terence
  1385 | D:2      | Reached XP level 4. HP: 17/30 MP: 4/4
  1778 | D:2      | Reached skill level 5 in Long Blades
  2109 | D:2      | Noticed an ice beast
  2338 | D:3      | Reached XP level 5. HP: 33/35 MP: 5/5
  2634 | D:3      | Found a white marble altar of Elyvilon.
  2635 | D:3      | Noticed an angel
  2635 | D:3      | Found a runed translucent door.
  3528 | D:4      | Slain by a centaur skeleton

Illustrated notes

Levels and vault maps discovered:
D:1:      minmay_arrival_arboretum_small, layout_basic, serial_park_tiny_2,
          minivault_11
D:2:      layout_loops_cross, uniq_terence
D:3:      layout_basic, lemuel_angel_altar
D:4:      layout_basic, lemuel_doored_altar, gup_sewer_entry_bubbles,
          gammafunk_ghost_cemetery, serial_shops, shop_coins, st_stairs_11,
          tgw_trog

Skill      XL: |  1  2  3  4 |
---------------+-------------+-----
Long Blades    | 4 5 |  5.9
Fighting       | |  2.6
Dodging        | |  3.2
Stealth        | |  2.1

Action                   |  1- 3 |  4- 6 || total
-------------------------+-------+-------++-------
Melee: Falchion          |    44 |    13 ||    57
       Dagger            |    42 |    14 ||    56
       Short sword       |       |   190 ||   190
  Use: Scroll            |       |     6 ||     6
 Stab: Sleeping          |     4 |       ||     4
Armor: Robe              |    11 |       ||    11
       Scale mail        |       |    89 ||    89
Dodge: Dodged            |    50 |   140 ||   190
Block: Other             |       |     9 ||     9
       Rpst.: Falchion   |     6 |       ||     6

Table legend: (Time is in decaauts)
 A = Elapsed time spent in this place.
 B = Non-inter-level travel time spent in this place.
 C = Inter-level travel time spent in this place.
 D = Time resting spent in this place.
 E = Time spent auto-exploring this place.
 F = Levels seen in this place.
 G = Mean time per level.
                   A        B        C        D        E       F      G
               +--------+--------+--------+--------+--------+-----+--------+
         Total |   3504 |   3309 |    195 |    114 |   2505 |   4 |  876.0 |
       Dungeon |   3504 |   3309 |    195 |    114 |   2505 |   4 |  876.0 |
               +--------+--------+--------+--------+--------+-----+--------+

Top non-repeatable levels by time:
     D:1: 1460 daAuts
     D:2: 1086 daAuts
     D:3: 903 daAuts
     D:4: 54 daAuts
